 Dungeon Crawl Stone Soup version 0.30-a0-368-g86fb4627a9 (webtiles) character file.

Game seed: 8178501781345470597

24461 experimilk the Devastator (level 12, -9/96 HPs)
             Began as a Purple Draconian Conjurer on Nov 15, 2022.
             Was an Elder of Vehumet.
             Mangled by a hell beast (12 damage)
             ... in a Gauntlet on Nov 19, 2022.
             The game lasted 01:02:15 (25438 turns).

experimilk the Devastator (DrCj)                   Turns: 25438, Time: 01:02:17

Health: -9/96      AC: 16    Str: 10      XL:     12   Next: 80%
Magic:  2/21       EV: 12    Int: 27 (29) God:    Vehumet [****..]
Gold:   1092       SH:  3    Dex: 10      Spells: 2/23 levels left

rFire   . . .      SeeInvis .    C - +5 falchion (flame)
rCold   . . .      Faith    .    c - +0 buckler
rNeg    . . .      Spirit   .    (body armour unavailable)
rPois   .          Reflect  .    (helmet restricted)
rElec   .          Harm     .    v - +1 cloak
rCorr   .          Rampage  .    l - +1 pair of gloves
Will    +....      NoTele   +    (no boots)
Stlth   ++........               N - amulet of magic regeneration
HPRegen 0.36/turn                p - +4 ring of protection
MPRegen 0.57/turn                x - +6 ring of intelligence

@: no status effects
A: breathe power, AC +8, unfitting armour, cold-blooded
a: Breathe Dispelling Energy, Renounce Religion


You were in a Gauntlet.
You worshipped Vehumet.
Vehumet was greatly pleased with you.
You visited 3 branches of the dungeon, and saw 15 of its levels.
You also visited: Sewer, Bailey and Gauntlet.

You collected 1092 gold pieces.

Inventory:

Hand Weapons
 C - a +5 falchion of flaming (weapon)
Armour
 c - a +0 buckler (worn)
 l - a +1 pair of gloves (worn)
 v - a +1 cloak (worn)
 y - an orb of energy
Magical Staves
 f - a staff of earth
Jewellery
 a - a ring of resist corrosion
 i - a ring of fire
 p - a +4 ring of protection (left hand)
 x - a +6 ring of intelligence (right hand)
 z - an amulet of reflection
 B - a ring of protection from cold
 H - a +4 ring of evasion
 J - a ring of magical power
 N - an amulet of magic regeneration (around neck)
Wands
 w - a wand of roots (15)
 I - a wand of acid (7)
Scrolls
 b - 8 scrolls of butterflies
 e - 2 scrolls of magic mapping
 g - a scroll of teleportation
 h - 2 scrolls of vulnerability
 j - a scroll of blinking
 k - 6 scrolls of summoning
 q - 2 scrolls of immolation
 s - a scroll of poison
 u - 2 scrolls of brand weapon
 A - 2 scrolls of fear
 E - a scroll of torment
 K - 3 scrolls of enchant armour
 M - a scroll of enchant weapon
Potions
 d - 2 potions of brilliance
 m - a potion of lignification
 n - a potion of experience
 o - a potion of attraction
 r - 2 potions of might
 t - 4 potions of flight
 D - a potion of ambrosia {unknown}
 F - a potion of resistance
 G - 2 potions of mutation
 L - a potion of curing


   Skills:
 - Level 6.0 Fighting
 - Level 2.0 Long Blades
 - Level 4.0 Dodging
 - Level 1.7 Stealth
 - Level 6.0 Spellcasting
 * Level 18.7 Conjurations
 + Level 7.5 Evocations


You had 2 spell levels left.
You knew the following spells:

 Your Spells              Type           Power      Damage    Failure   Level
a - Orb of Destruction    Conj           41%        9d11      1%          7
b - Magic Dart            Conj           100%       1d8       0%          1
s - Spellforged Servitor  Conj/Summ      28%        N/A       36%         7
x - Iskenderun's Mystic   Conj/Tloc      56%        2d12      1%          4
z - Searing Ray           Conj           100%       2d8       0%          2

Your spell library contained the following spells:

 Spells                   Type           Power      Damage    Failure   Level
 Frozen Ramparts          Ice            16%        1d3       7%          3
 Ensorcelled Hibernation  Hex/Ice        16%        N/A       13%         2
 Passwall                 Tmut/Erth      6%         N/A       13%         2
 Dazzling Flash           Conj/Hex       100%       N/A       1%          3
 Hailstorm                Conj/Ice       56%        3d12      1%          3
 Fulminant Prism          Conj/Hex       28%        3d14      1%          4
 Freezing Cloud           Conj/Ice/Air   20%        6-21      5%          5
 Ignite Poison            Fire/Tmut/Pois 8%         N/A       7%          3
 Kindle Blastsparks       Fire/Tloc/Air  16%        2d11      7%          3
 Summon Guardian Golem    Hex/Summ       8%         N/A       26%         3
 Swiftness                Air            8%         N/A       26%         3
 Animate Dead             Necr           8%         N/A       65%         4
 Ice Form                 Ice/Tmut       8%         N/A       65%         4
 Agony                    Necr           8%         N/A       94%         5
 Borgnjor's Vile Clutch   Necr/Erth      4%         N/A       94%         5
 Silence                  Hex/Air        4%         N/A       94%         5
 Death Channel            Necr           4%         N/A       100%        6
 Simulacrum               Ice/Necr       4%         N/A       100%        6
 Haunt                    Necr/Summ      4%         N/A       100%        7
 Infestation              Necr           4%         N/A       100%        8


Dungeon Overview and Level Annotations

Branches:
Dungeon (11/15)            Temple (1/1) D:7            Lair (3/5) D:10
  Swamp (0/4) Lair:2       Spider (0/4) Lair:2          Orc (0/2) D:9
  Sewer (visited)          Bailey (visited)         Gauntlet (1/1)

Altars:
Ashenzari
Cheibriados
Dithmenos
Elyvilon
Fedhas
Gozag
Hepliaklqana
Kikubaaqudgha
Makhleb
Nemelex Xobeh
Okawaru
Qazlal
Ru
Sif Muna
Trog
Uskayaw
Vehumet
Wu Jian
Yredelemnul
Zin
The Shining One

Annotations:
D:9 2 transporters, osoart's ghost, novice KoBr Gauntlet 5 transporters


Innate Abilities, Weirdness & Mutations

You can breathe bolts of dispelling energy.
Your rich purple scales are hard. (AC +8)
You cannot fit into any form of body armour.
You are cold-blooded and may be slowed by cold attacks.


Message History

Unknown command.
Casting: Iskenderun's Mystic Blast (mildly dangerous; 1% risk of failure)
Confirm with . or Enter, or press ? or * to list all spells.
You don't have enough magic to cast this spell.
Aiming: Corrosive Bolt
Press: ? - help, Q - select action, (/) - cycle Shift-Dir - straight line The bolt of acid hits the hell beast!!
The acid corrodes the hell beast!
The hell beast is almost dead.
The hell beast completely misses you. The hell beast tramples you.
You hold your ground!
Casting: Iskenderun's Mystic Blast (mildly dangerous; 1% risk of failure)
Confirm with . or Enter, or press ? or * to list all spells.
You erupt in a blast of force!
The mystic blast hits the hell beast!
The hell beast is almost dead.
The hell beast is knocked back by the mystic blast.
Read: 7 scrolls of summoning
Press: ? - help, Q - select action, (/) - cycle Dir - look around, f - activate Look: a hell beast (almost dead, covered in acid)
As you read the scroll of summoning, it crumbles to dust.
Wisps of shadow whirl around you... The hell beast bites your smoke demon!!
The hell beast tramples your smoke demon!!
Your smoke demon holds its ground!
Your smoke demon dies!
Your smoke demon dissolves into shadows!
You swap places.
The hell beast drops a net on you.
You become entangled in the net!
Your moth of wrath bites the hell beast.
Your moth of wrath infuriates the hell beast!
The hell beast goes berserk!
You see here a throwing net.
Unknown command.
You tear a large gash into the net.
The hell beast bites you but does no damage.
The hell beast closely misses you. The hell beast bites you!!
* * * LOW HITPOINT WARNING * * *
The hell beast tramples you!
* * * LOW HITPOINT WARNING * * *
You are shoved backwards!
The hell beast bites you!
You die...

##≈.#8..©#....≈##
#≈≈.#########.≈≈#
##≈.##.#.#.##.≈##
##.#.#.#.#.#.##
##≈.##.#.#.##.≈##
#≈≈.#.#.#y#.#.≈≈#
##≈.##.#^#.##.≈##
##.#G#2#G#.#.##
##≈.##@#©#.##.≈##
#≈≈.#########.≈≈#
##≈...........≈##
##...........##
#≈...........≈#
#≈≈≈#≈≈≈#≈≈≈#≈≈≈#
##≈###≈###≈###≈##
## ### ### ##


You could see a hell beast (berserk, corroded, ally target), a friendly shining
eye (summoned), a friendly moth of wrath (summoned) and a friendly floating eye
(summoned).

Vanquished Creatures
  A boulder beetle (Lair:2)
  A two-headed ogre (D:10)
  A cyclops (D:11)
  A moth of wrath (Gauntlet)
  5 elephants
  A black mamba (Lair:1)
  A smoke demon (Gauntlet)
  5 cane toads
  A rime drake (Lair:1)
  4 komodo dragons
  An ice devil (Gauntlet)
  A red devil (Gauntlet)
  A troll (D:6)
  7 blink frogs
  A hornet (D:8)
  5 dream sheep (Lair:3)
  A vampire (D:10)
  35 yaks
  4 wyverns
  Grum (D:9)
  4 redbacks
  4 steam dragons
  3 swamp worms (Lair:2)
  An acid dragon (D:10)
  8 water moccasins
  3 ice beasts
  16 orc warriors
  7 black bears
  An ogre (D:5)
  9 wolves
  3 centaurs
  7 bullfrogs
  2 necrophages
  A scorpion (D:6)
  14 wights
  2 electric eels (Lair:2)
  5 howler monkeys
  A vampire bat (D:3)
  4 jellies
  3 crimson imps
  3 orc priests
  A hound (D:5)
  4 iguanas
  13 orc wizards
  Robin (D:4)
  3 gnolls (D:3)
  11 adders
  6 river rats (Sewer)
  A shadow imp (Gauntlet)
  A white imp (D:7)
  5 worms
  2 dart slugs (D:1)
  50 orcs
  14 ball pythons
  22 bats
  9 endoplasms
  8 giant cockroaches
  22 goblins
  16 hobgoblins
  12 jackals
  11 quokkas
  3 frilled lizards
  4 kobolds
  4 rats
402 creatures vanquished.

Vanquished Creatures (others)
  18 fungi
  36 plants
  4 toadstools (D:3)
58 creatures vanquished.

Grand Total: 460 creatures vanquished

Notes
Turn   | Place    | Note
-------+----------+-------------------------------------------
     0 | D:1      | experimilk the Draconian Conjurer began the quest for the
                  | Orb.
     0 | D:1      | Reached XP level 1. HP: 14/14 MP: 3/3
   213 | D:1      | Reached XP level 2. HP: 20/20 MP: 3/5
   216 | D:1      | Learned a level 2 spell: Searing Ray
   565 | D:1      | Reached skill level 5 in Conjurations
   580 | D:1      | Reached XP level 3. HP: 26/26 MP: 4/6
  1792 | D:2      | Reached XP level 4. HP: 33/33 MP: 1/7
  1797 | D:2      | Learned a level 4 spell: Iskenderun's Mystic Blast
  2352 | D:2      | Reached skill level 6 in Conjurations
  2722 | D:3      | Reached XP level 5. HP: 24/38 MP: 1/8
  2815 | D:3      | Found a glowing drain.
  2832 | Sewer    | Entered a sewer
  3568 | Sewer    | Reached skill level 7 in Conjurations
  4377 | Sewer    | Reached XP level 6. HP: 45/45 MP: 0/9
  5377 | D:3      | Found a shadowy altar of Dithmenos.
  5818 | D:4      | Reached skill level 8 in Conjurations
  6273 | D:4      | Noticed Robin
  6282 | D:4      | Killed Robin
  6283 | D:4      | Your scales start taking on a rich purple colour.
  6283 | D:4      | Reached XP level 7. HP: 42/50 MP: 7/10
  6644 | D:4      | Reached skill level 1 in Evocations
  6845 | D:5      | Entered Level 5 of the Dungeon
  7048 | D:5      | Reached skill level 9 in Conjurations
  7091 | D:5      | Found a burning altar of Makhleb.
  7206 | D:5      | Reached XP level 8. HP: 57/57 MP: 3/11
  7555 | D:5      | Reached skill level 10 in Conjurations
  7979 | D:6      | Reached skill level 1 in Fighting
  8123 | D:6      | Noticed a troll
  8133 | D:6      | Killed a troll
  8435 | D:6      | Reached skill level 11 in Conjurations
  8900 | D:6      | Reached XP level 9. HP: 53/66 MP: 1/12
  9175 | D:6      | Found the +18 Lear's hauberk
  9986 | D:7      | Found a staircase to the Ecumenical Temple.
  9995 | D:7      | Reached skill level 12 in Conjurations
 10315 | Temple   | Entered the Ecumenical Temple
 10413 | Temple   | Became a worshipper of Vehumet
 10723 | D:7      | Found an ornate altar of the Wu Jian Council.
 10774 | D:7      | Learned a level 7 spell: Orb of Destruction
 11200 | D:7      | Reached skill level 13 in Conjurations
 11585 | D:7      | Found a bloodstained altar of Trog.
 12141 | D:8      | Reached XP level 10. HP: 37/78 MP: 1/16
 12148 | D:8      | HP: 1/78 [yak (12)]
 12697 | D:8      | Reached skill level 14 in Conjurations
 13150 | D:8      | Reached * piety under Vehumet
 13150 | D:8      | Offered knowledge of Freeze by Vehumet.
 13396 | D:8      | Found a blossoming altar of Fedhas.
 13396 | D:8      | Found a basalt altar of Yredelemnul.
 13396 | D:8      | Found a white marble altar of Elyvilon.
 13900 | D:9      | Found a flagged portal.
 14036 | Bailey   | Entered a bailey
 14858 | Bailey   | Reached skill level 5 in Spellcasting
 15129 | Bailey   | Reached ** piety under Vehumet
 15376 | Bailey   | Offered knowledge of Poisonous Vapours by Vehumet.
 15627 | D:9      | Found a transporter.
 15630 | D:9      | Found a transporter.
 15636 | D:9      | Noticed osoart's ghost (novice KoBr)
 15656 | D:9      | Noticed a two-headed ogre
 15657 | D:9      | Noticed a gargoyle
 15660 | D:9      | Noticed Grum
 15674 | D:9      | Killed Grum
 15714 | D:9      | Noticed a cyclops
 15843 | D:9      | Found a staircase to the Orcish Mines.
 15877 | D:9      | Reached skill level 15 in Conjurations
 15891 | D:9      | Reached XP level 11. HP: 42/84 MP: 5/20
 16644 | D:10     | Entered Level 10 of the Dungeon
 17099 | D:9      | Noticed a great orb of eyes
 17148 | D:9      | Noticed a jorogumo
 17152 | D:9      | a jorogumo changed into a bunyip
 17152 | D:9      | Noticed a bunyip (shapeshifter)
 17345 | D:10     | Offered knowledge of Ignite Poison by Vehumet.
 18016 | D:10     | Found a staircase to the Lair.
 18029 | D:10     | Reached skill level 16 in Conjurations
 18396 | D:10     | Noticed a two-headed ogre
 18404 | D:10     | Killed a two-headed ogre
 18729 | D:11     | Reached *** piety under Vehumet
 19045 | D:11     | Found an opulent altar of Gozag.
 19233 | Lair:1   | Entered Level 1 of the Lair of Beasts
 19245 | Lair:1   | Reached skill level 5 in Fighting
 19245 | Lair:1   | Reached skill level 5 in Evocations
 20843 | Lair:1   | Learned a level 7 spell: Spellforged Servitor
 21262 | Lair:2   | Noticed a boulder beetle
 21267 | Lair:2   | Killed a boulder beetle
 21289 | Lair:2   | Reached skill level 17 in Conjurations
 21289 | Lair:2   | Reached XP level 12. HP: 96/96 MP: 7/21
 21697 | Lair:2   | Found a hole to the Spider Nest.
 21950 | Lair:2   | Upgraded the game from 0.30-a0-364-gf6b3ef1049 to
                  | 0.30-a0-368-g86fb4627a9
 22322 | Lair:2   | Found a staircase to the Swamp.
 22919 | Lair:2   | Offered knowledge of Frozen Ramparts by Vehumet.
 22996 | Lair:2   | Reached skill level 18 in Conjurations
 23691 | Lair:2   | Reached skill level 1 in Long Blades
 24393 | Lair:3   | Found a gate leading to a gauntlet.
 24402 | Gauntlet | Entered a Gauntlet
 24402 | Gauntlet | Found a transporter.
 24633 | Gauntlet | Found a transporter.
 24636 | Gauntlet | Found a transporter.
 24637 | Gauntlet | Found a transporter.
 24648 | Gauntlet | Found a transporter.
 24649 | Gauntlet | Found a transporter.
 24649 | Gauntlet | Found a transporter.
 24654 | Gauntlet | Noticed a blizzard demon
 24658 | Gauntlet | Found a transporter.
 24660 | Gauntlet | Found a transporter.
 24661 | Gauntlet | Found a transporter.
 24672 | Gauntlet | Found a transporter.
 24673 | Gauntlet | Found a transporter.
 24678 | Gauntlet | Noticed a hell beast
 24682 | Gauntlet | Found a transporter.
 24711 | Gauntlet | Found a transporter.
 24736 | Gauntlet | Found a runed translucent door.
 25394 | Gauntlet | Reached **** piety under Vehumet
 25438 | Gauntlet | HP: 3/96 [hell beast (10)]
 25438 | Gauntlet | Identified the +0 hat of True Grit {rF+ Regen+ Str+5}
 25438 | Gauntlet | Mangled by a hell beast

Illustrated notes

Levels and vault maps discovered:
D:1:      dpeg_arrival_subterranean_lakeside_camping, layout_basic,
          minmay_tall_x
D:2:      layout_basic
D:3:      layout_rooms, nicolae_dithmenos_the_darkroom, portal_sewer_entry_f,
          minmay_gold_behind_fungi, roderic_batcave
D:4:      layout_gridville, minmay_misc_feat_doors, uniq_robin
D:5:      layout_rooms, makhleb_grotto_becter, serial_bayou_ford_a
D:6:      layout_basic, dreamdust_princess_corridor,
          hellmonk_guarded_unrand_lears
D:7:      layout_loops_corners, nzn_wu_jian_council_hall,
          nicolae_overflow_hidden_temple, minmay_temple_entry_grid
D:8:      layout_loops_corners, gammafunk_temple_overflow_forgotten
D:9:      layout_basic, orc_0_dummy, nzn_ghost_randoct, enter_bailey_5,
          hangedman_abyss_or_decor_stabs, uniq_grum
D:10:     wad_pebble_path, layout_loops_corners, old_standard_altar,
          david_lair_generic
D:11:     layout_basic, nicolae_gozag_cash_rules_everything_around_me
Temple:   compressed_dpeg_circular_temple
Lair:1:   layout_regular_city, nicolae_quartered_pool_medium, minivault_25
Lair:2:   layout_regular_city, minmay_swamp_entry_worms, spider_nest_entry_webs,
          wad_woods_river_01
Lair:3:   layout_roguey, gauntlet_entry_generic
Gauntlet: gammafunk_gauntlet_77_escape_option
          [minmay_gauntlet_arena_77_hold_the_fort,
          minmay_gauntlet_arena_77_path, minmay_gauntlet_arena_77_mess,
          minmay_gauntlet_arena_77_radiant_squares,
          minmay_gauntlet_arena_77_checkered, gauntlet_exit_watery]

Skill      XL: |  1  2  3  4  5  6  7  8  9 10 11 12 |
---------------+-------------------------------------+-----
Conjurations   | 5 6 7 8 9 11 13 15 17 18 | 18.7
Evocations     | 4 6 7 |  7.5
Dodging        | 2 4 |  4.0
Fighting       | 2 4 6 |  6.0
Spellcasting   | 4 6 |  6.0
Long Blades    | 2 |  2.0
Stealth        | |  1.7

Action                   |  1- 3 |  4- 6 |  7- 9 | 10-12 || total
-------------------------+-------+-------+-------+-------++-------
Melee: Club              |    11 |       |       |       ||    11
       Unarmed           |     3 |       |       |       ||     3
       Tailslap          |     7 |     6 |     4 |    16 ||    33
       Short sword       |    24 |       |       |       ||    24
       Dagger            |       |    39 |       |       ||    39
       Hand axe          |       |    29 |    31 |       ||    60
       Falchion          |       |       |    26 |   111 ||   137
 Cast: Magic Dart        |    69 |   122 |    95 |    87 ||   373
       Searing Ray       |    12 |    31 |    53 |   112 ||   208
       Iskenderun's Myst |       |       |     2 |    75 ||    77
       Orb of Destructio |       |       |       |    30 ||    30
 Abil: Breathe Dispellin |       |       |    10 |    23 ||    33
Evoke: Wand              |       |       |       |     5 ||     5
  Use: Potion            |     1 |     3 |     1 |    11 ||    16
       Scroll            |       |     7 |     5 |    17 ||    29
Armor: Skin              |    28 |    57 |    54 |   201 ||   340
Dodge: Dodged            |    49 |    74 |    70 |   180 ||   373
Block: Buckler           |       |    16 |     5 |     1 ||    22
       Orb               |       |       |    26 |    78 ||   104
       Reflection        |       |       |     3 |     2 ||     5

Table legend: (Time is in decaauts)
 A = Elapsed time spent in this place.
 B = Non-inter-level travel time spent in this place.
 C = Inter-level travel time spent in this place.
 D = Time resting spent in this place.
 E = Time spent auto-exploring this place.
 F = Levels seen in this place.
 G = Mean time per level.
                   A        B        C        D        E       F      G
               +--------+--------+--------+--------+--------+-----+--------+
         Total |  25734 |  25172 |    562 |  12601 |   8226 |  18 | 1429.7 |
       Dungeon |  15636 |  15184 |    452 |   6482 |   6573 |  11 | 1421.5 |
        Temple |    113 |     85 |     28 |      0 |     56 |   1 |  113.0 |
          Lair |   5197 |   5115 |     82 |   3381 |    818 |   3 | 1732.3 |
         Sewer |   2320 |   2320 |      0 |    964 |    776 |   1 | 2320.0 |
        Bailey |   1429 |   1429 |      0 |   1030 |      2 |   1 | 1429.0 |
      Gauntlet |   1036 |   1036 |      0 |    744 |      0 |   1 | 1036.0 |
               +--------+--------+--------+--------+--------+-----+--------+

Top non-repeatable levels by time:
  Lair:2: 2840 daAuts
   Sewer: 2320 daAuts
  Lair:1: 2264 daAuts
     D:8: 2113 daAuts
     D:7: 1908 daAuts
     D:6: 1832 daAuts
     D:9: 1738 daAuts
    D:10: 1730 daAuts
     D:1: 1479 daAuts
  Bailey: 1429 daAuts
     D:2: 1224 daAuts
     D:4: 1143 daAuts
     D:5: 1042 daAuts
Gauntlet: 1036 daAuts
     D:3: 941 daAuts
